 Dungeon Crawl Stone Soup version 0.10-a0-2410-gfde24eb character file.

131 vogonpoet the Sneak (level 3, -6/16 HPs)
             Began as a Spriggan Enchanter on Dec 1, 2011.
             Mangled by Sigmund
             ... wielding a +0,+0 scythe
              (13 damage)
             ... on Level 2 of the Dungeon.
             The game lasted 00:06:15 (1597 turns).

vogonpoet the Sneak (Spriggan Enchanter)            Turns: 1597, Time: 00:06:15

HP  -6/16        AC  3     Str  4      XL: 3   Next: 98%
MP   7/10        EV 18     Int 17      God:
Gold 70          SH  0     Dex 16      Spells:  2 memorised,  5 levels left

Res.Fire  : . . .   See Invis. : +   a - +1 dagger {=f}
Res.Cold  : . . .   Warding    : . . h - +1 robe
Life Prot.: . . .   Conserve   : .   (shield restricted)
Res.Acid. : . . .   Res.Corr.  : .   (helmet restricted)
Res.Poison: .       Clarity    : .   (no cloak)
Res.Elec. : .       Spirit.Shd : .   (gloves unavailable)
Sust.Abil.: . .     Stasis     : .   (boots unavailable)
Res.Mut.  : .       Ctrl.Telep.: .   (no amulet)
Res.Rott. : .       Levitation : .   (no ring)
Saprovore : . . .   Ctrl.Flight: .   (no ring)

@: confused, very slightly contaminated, very quick, slightly resistant to
hostile enchantments, unstealthy
A: unfitting armour, see invisible, herbivore 3, speed 3, slow metabolism 3
a: no special abilities


You were on level 2 of the Dungeon.
You were not hungry.

You visited 1 branch of the dungeon, and saw 2 of its levels.

You collected 50 gold pieces.

Inventory:

Hand weapons
 a - a +1,+1 dagger (weapon) {=f}
 l - a +3,+0 elven short sword
Missiles
 d - 16 +1 darts
 g - 31 +0 darts
 n - 3 +0 darts of flame
 q - 15 +0 darts of frost (quivered)
Armour
 b - a +1 robe
 h - a +1 robe (worn)
Comestibles
 k - an apple
Scrolls
 i - 4 scrolls of amnesia {unknown}
Potions
 e - a potion of porridge
 f - 3 potions of curing {unknown}
 j - a potion of confusion {unknown}
 m - a potion of brilliance {unknown}
 o - 2 potions of heal wounds {unknown}
 p - 2 potions of agility {unknown}
Books
 c - a book of Maledictions

   Spells                             Type                      Level
   *Corona                            Hexes                        1
   Sure Blade                         Hexes/Charms                 2
   *Ensorcelled Hibernation           Hexes/Ice                    2
   Confuse                            Hexes                        3
   Enslavement                        Hexes                        4
   Invisibility                       Hexes                        6


   Skills:
 + Level 1.7 Short Blades
 + Level 1.7 Throwing
 - Level 3.0 Dodging
 + Level 5.0 Stealth
 + Level 3.5 Stabbing
 * Level 3.0 Spellcasting
 - Level 4.0 Hexes


You had 5 spell levels left.
You knew the following spells:

 Your Spells              Type           Power        Success   Level  Hunger
a - Corona                Hex            ####....     Excellent   1    None
b - Ensorcelled Hibernat Ice/Hex ##.....        Very         Good        2    Choko

Dungeon Overview and Level Annotations

Branches:
Dungeon (2/27)

Altars:
Ashenzari

Annotations
D:2 Sigmund


Innate Abilities, Weirdness & Mutations

You are tiny and cannot use many weapons and most armour.
You have supernaturally acute eyesight.
You are a herbivore.
You cover ground extremely quickly.
You need consume almost no food.


Message History

Sigmund gestures at you while chanting.
You are more confused.
Casting: Ensorcelled Hibernation
Confirm with . or Enter, or press ? or * to list all spells.
You smell baking bread.
Sigmund completely misses you.
Casting: Ensorcelled Hibernation
Confirm with . or Enter, or press ? or * to list all spells.
You smell wet wool.
You closely miss the goblin.
Sigmund hits you from afar with a scythe!
Ouch! That really hurt!
The goblin barely misses you.
You see here a bat corpse.
Sigmund mumbles some strange words.
Sigmund flickers and vanishes for a moment.
You see here a bat corpse.
Ouch!
Sigmund hits you from afar with a scythe!
Ouch! That really hurt!
You die...

#...... #.(....# S .
#......##....
#......##.#.#
##+###......##.#.#
#.......# #.#.#
#.......# #.#.#
#....@..### #.#.#
#.....g@..####.#.#######
#...%...#.#.............
#.......#.#.##.#.#######
#########.#.##.#.# #
#%#.##%#.# #.#....#+##
##'###.....#
#..........####
#...##........#


You could see Sigmund (invisible) and a goblin.

Vanquished Creatures
  A snake (D:2)
  2 giant mites (D:2)
  A giant cockroach (D:2)
  6 hobgoblins
  7 jackals
  6 kobolds
  3 bats
  2 giant newts
  5 goblins
  4 rats
37 creatures vanquished.

Notes
Turn   | Place    | Note
--------------------------------------------------------------
     0 | D:1      | vogonpoet, the Spriggan Enchanter, began the quest for the Orb.
     0 | D:1      | Reached XP level 1. HP: 9/9 MP: 4/4
   118 | D:1      | Reached skill level 4 in Hexes
   337 | D:1      | Reached XP level 2. HP: 10/13 MP: 6/6
   343 | D:1      | Learned a level 2 spell: Ensorcelled Hibernation
  1032 | D:2      | Reached XP level 3. HP: 13/16 MP: 9/9
  1165 | D:2      | Found a shattered altar of Ashenzari.
  1176 | D:2      | Reached skill level 5 in Stealth
  1579 | D:2      | Noticed Sigmund
  1597 | D:2      | Mangled by Sigmund
